← All builds
Tech / Armada / Economy first / OBSERVED BUILD

Standard tech

Armada Tech (Eco) build order · Supreme Isthmus

Rushes T2 by 4:15, gets Advanced Metal Extractor around 5:28, hands off T2 constructors to Geo and the team, then scales eco and supplies the team's T2 needs through the rest of the game.

Usually first T2 con to Geo (83%)

#eco #t2 #team support · 1579 distinct matches · 255 players · 58% of Armada Tech games · team won 53% of 1874 · Recently observed

HOW TO PLAY IT

Key timing: T2 factory by 4:15

  1. Open 3 mex and heavy wind to fund a fast T2 rush.
  2. Put down Bot Lab, planning to eat it for reclaim soon after.
  3. Get Advanced Bot Lab up, hitting the T2 factory rush timing.
  4. Upgrade mex to Advanced Metal Extractor to lock in team metal income.
  5. Eat Advanced Bot Lab and keep sending cons to Geo and Pond.

Phase by phase

TYPICAL OF ITS 1579 GAMES
  1. 1
  2. 2
  3. 3
  4. 4
PLAY THE OPENING

Follow the example game's first 6:00 step by step: what to build now, what comes next, and where it goes. At 1× it keeps pace with your own game.

  1. 1

    Up to the Bot Lab

    Economy
    • Metal Extractor3Mex
    • Wind Turbine4Wind
    Order
    1. Bot LabBot Lab after 3 mex, 4 winddone ~1:18, middle half 1:13–1:32

    Some games also: energy storage (31%)

    By 1:01 in all: 3 mex · 4 wind

    The example game in this phase · 3 steps
    1. Mex ×3
    2. Wind ×4
    3. Bot LabBot Labdone 1:19 · typical 1:18
  2. 2

    Bot Lab to Advanced Bot Lab

    Economy
    • Metal Extractor1Mex
    • Wind Turbine8Wind
    • Energy Storage1Energy storage
    Order
    1. Advanced Bot LabAdvanced Bot Lab after 4 mex, 12 wind, 3 con turretdone ~4:16, middle half 4:04–4:30
    Builders
    • Construction Turret3 Con turret
    • Lazarus3 Lazarus
    • Construction Bot2 Con bot
    • Construction Bot1 Con bot for allies

    Some games also: converter (36%)

    By 3:18 in all: 4 mex · 12 wind · 1 energy storage · 3 con turret

    The example game in this phase · 18 steps
    1. LazarusLazarus ×2
    2. Wind ×2
    3. LazarusLazarus
    4. Wind ×2
    5. Construction BotCon bot
    6. Construction BotCon botfor Air
    7. Con turret
    8. Construction BotCon bot
    9. Con turret
    10. Wind ×2
    11. Mex
    12. Wind
    13. Converter ×2
    14. Wind ×2
    15. Converter
    16. Wind ×3
    17. Energy storage
    18. Advanced Bot LabAdvanced Bot Labdone 4:28 · typical 4:16
  3. 3

    Advanced Bot Lab to 5:00

    Economy
    • Wind Turbine3Wind
    Order
    1. Bot LabEat Bot Lab
    Builders
    • Advanced Construction Bot1 T2 con bot for allies

    Some games also: converter (35%)

    By 5:00 in all: 4 mex · 15 wind · 1 converter · 1 energy storage · 3 con turret

    The example game in this phase · 5 steps
    1. Converter
    2. Bot LabEat Bot Labreclaimed for its metal
    3. Advanced Construction BotT2 con botfor Geo
    4. Advanced Metal ExtractorT2 mexdone 5:17 · typical 5:29
    5. Advanced Construction BotT2 con botfor Air
  4. 4

    5:00 to 10:00

    Economy
    • Wind Turbine43Wind
    • Energy Converter6Converter
    Builders
    • Butler9 Butler
    • Advanced Construction Bot4 T2 con bot for allies
    • Advanced Construction Bot1 T2 con bot

    Some games also: con turret (43%) · Butler for allies (36%)

    By 10:00 in all: 4 mex · 58 wind · 8 converter · 1 energy storage · 3 con turret

    The example game in this phase · 173 steps
    1. Advanced Metal ExtractorT2 mex ×2
    2. ButlerButler ×2
    3. Wind ×2
    4. Advanced Construction BotT2 con botfor Front
    5. Wind ×2
    6. Advanced Construction BotT2 con botfor Geo sea
    7. Wind ×2
    8. SharpshooterSniper botdone 7:58
    9. Wind ×3
    10. Advanced Metal ExtractorT2 mex
    11. Wind
    12. ButlerButler ×3
    13. Wind
    14. ButlerButler
    15. Wind ×2
    16. ButlerButler
    17. Wind ×3
    18. ButlerButler
    19. Wind ×5
    20. ButlerButler
    21. Wind ×3
    22. Converter
    23. Wind ×3
    24. ButlerButler
    25. Wind ×4
    26. Converter
    27. Wind ×2
    28. Advanced Construction BotT2 con botfor Beach sea
    29. Wind ×5
    30. Converter
    31. Wind ×5
    32. Converter
    33. Advanced Construction BotT2 con botfor Pond
    34. Wind ×2
    35. Converter
    36. Wind ×5
    37. Advanced Construction BotT2 con bot
    38. Converter
    39. Wind ×3
    40. Converter
    41. Wind ×4
    42. ButlerButler
    43. Converter
    44. Wind ×5
    45. Converter
    46. ButlerButler
    47. Wind ×3
    48. CitadelAnti-nukedone 11:54
    49. Converter
    50. ButlerButler
    51. Wind ×5
    52. Converter
    53. Wind ×4
    54. ButlerButler
    55. Wind
    56. Converter
    57. Wind ×4
    58. Converter
    59. Wind ×3
    60. UmbrellaAnti-nukenot finished by 15:00
    61. Wind ×11
    62. Converter
    63. Wind ×6
    64. ButlerButler
    65. Wind
    66. Converter
    67. Wind ×5
    68. Converter
    69. Wind ×11
    70. Converter
    71. Wind ×5
    72. UmbrellaAnti-nuke
    73. Wind
    74. Converter
    75. Wind ×4
    76. Converter
    77. Wind ×7
    78. Converter
    79. Wind ×4
    80. Converter
    81. Wind ×3
    82. Con turret
    83. Wind ×4
    84. Converter
    85. Wind ×6
    86. Converter
    87. Wind ×4
    88. Con turret
    89. Wind
    90. Converter
    91. Wind ×7
    92. Con turret
    93. Wind
    94. Converter
    95. Wind ×4
    96. Con turret
    97. Wind
    98. Converter
    99. Wind ×3
    100. Con turret
    101. Wind ×5
    102. Converter
    103. Wind ×7
    104. Converter
    105. Wind ×4
    106. Con turret
    107. Wind ×4
    108. Converter
    109. Wind ×4
    110. Converter
    111. Wind ×8
    112. Converter
    113. WelderWelder
    114. Wind ×3
    115. PlatypusPlatypus
    116. Wind ×3
    117. Converter
    118. Wind
    119. PlatypusPlatypus
    120. Wind ×3
    121. PlatypusPlatypus
    122. Wind
    123. Converter
    124. Wind ×8
    125. PlatypusPlatypus
    126. Wind ×8
    127. PlatypusPlatypus
    128. Wind ×3
    129. Converter
    130. Wind
    131. PlatypusPlatypus
    132. Wind ×4
    133. PlatypusPlatypus
    134. Wind
    135. Converter
    136. Wind ×2
    137. PlatypusPlatypus
    138. Wind ×3
    139. PlatypusPlatypus
    140. Wind ×2
    141. Converter
    142. PlatypusPlatypus
    143. Wind ×4
    144. PlatypusPlatypus
    145. Wind
    146. Converter
    147. Wind ×3
    148. PlatypusPlatypus
    149. Wind ×2
    150. PlatypusPlatypus
    151. Converter
    152. Wind ×4
    153. PlatypusPlatypus
    154. Wind ×3
    155. PlatypusPlatypus
    156. Converter
    157. Wind ×7
    158. Converter
    159. Wind ×4
    160. PlatypusPlatypus
    161. Wind
    162. Converter
    163. Wind ×4
    164. PlatypusPlatypus
    165. Wind ×4
    166. Converter
    167. Wind ×3
    168. PlatypusPlatypus
    169. Wind ×3
    170. Converter
    171. Wind
    172. PlatypusPlatypus
    173. Wind ×2

Counts are medians over the build's games: half of them build more, half fewer. The example game is JaplinSeven's (34 OS, 01/09/2026); pick another.

Team trades

IN AT LEAST 30% OF ITS GAMES

You hand over

  • Construction Bot1 Con bot to Airfirst at 2:23 · in 84% of games
  • Advanced Construction Bot5 T2 con bot to Air or Geo sea or Pondfirst at 4:50 · in 99% of games
  • Butler2 Butler to Geo sea or Beach sea or Pondfirst at 9:07 · in 42% of games

You get

  • Hercules1 Light transport from Airfirst at 4:01 · in 86% of games

How it plays out

Typical game of this build, running totals by minute

Metal produced

020k40k
0:005:0010:0015:00

metal

Enemy metal destroyed

050100
0:005:0010:0015:00

metal

Own metal lost

050100150
0:005:0010:0015:00

metal

1874 games.

Show as table
ByMetal produced: This buildEnemy metal destroyed: This buildOwn metal lost: This build
1:0038300
2:0091500
3:00165100
4:00314400
5:00484700
6:00580000
7:00722700
8:00906100
9:001117300
10:001350300
11:001624200
12:001965600
13:002344500
14:0027362073
15:003154285130
WHAT THE NUMBERS SAY

Standard Tech play barely fights at all early, instead pouring metal into T2 infrastructure and constructors for the team.

  • + Metal produced hits 31679 by 15:00, by far the highest of any role here.
  • + T2 factory reached in 97% of games by 4:15, fastest and most reliable T2 timing.
  • − Enemy metal destroyed stays at 0 through 10:00, no early offense at all.
  • − Own metal lost also near 0, showing total avoidance of combat risk.
THE EXAMPLE YOU ARE READING

JaplinSeven

33.5 OS · 01/09/2026

Open source match ↗

1 received units
2451 metal received · 43728 energy received

Allied construction assistance is unknown. Timings are observations, not a promise of solo reproducibility.

Typical milestones

Bot Lab1:18Middle 50%: 1:13–1:32 · n=1874
Advanced Bot Lab4:16Middle 50%: 4:04–4:30 · n=1867
Advanced Metal Extractor5:29Middle 50%: 5:05–5:59 · n=1870

Played most by

Amrissa93games of this buildTheGeneraI66games of this buildAdeus57games of this buildEl_Turco56games of this buildKOT_43games of this build